 Dungeon Crawl Stone Soup version 0.29-a0-553-g81b289dbe5 (webtiles) character file.

Game seed: 15228850584030771653

2703 jifgo the Skirmisher (level 9, -1/79 HPs)
             Began as a Minotaur Berserker on June 6, 2022.
             Was an Elder of Trog.
             Succumbed to a killer bee's poison
             ... on level 7 of the Dungeon.
             The game lasted 00:16:07 (6611 turns).

jifgo the Skirmisher (Minotaur Berserker)           Turns: 6611, Time: 00:16:07

Health: -1/79      AC: 14    Str: 25    XL:     9   Next: 38%
Magic:  8/8        EV:  9    Int:  4    God:    Trog [****..]
Gold:   429        SH:  0    Dex: 11    Spells: 8/8 levels left

rFire   . . .      SeeInvis .   a - +7 mace of Variability {chain chaos}
rCold   . . .      Faith    .   (shield currently unavailable)
rNeg    . . .      Spirit   .   y - +1 plate armour
rPois   .          Reflect  .   (helmet restricted)
rElec   .          Harm     .   x - scarf {+Inv}
rCorr   .          Rampage  .   (no gloves)
Will    .....                   (no boots)
Stlth   ..........              g - amulet of the acrobat
HPRegen 0.23/turn               (no ring)
MPRegen 0.11/turn               (no ring)

@: lethally poisoned (-1 -> -21), on berserk cooldown, slowed, very slow
A: horns 2, retaliatory headbutt
a: Renounce Religion, Evoke Invisibility, Berserk, Trog's Hand, Brothers in Arms


You were on level 7 of the Dungeon.
You worshipped Trog.
Trog was greatly pleased with you.
You visited 2 branches of the dungeon, and saw 8 of its levels.
You also visited: Sewer.

You collected 429 gold pieces.

Inventory:

Hand Weapons
 a - the +7 mace of Variability (weapon) {chain chaos}
   (You found it on level 4 of the Dungeon)

   Each time it hits an enemy it has a different, random effect.
   It occasionally unleashes arcs of chaos on nearby creatures upon striking a
   foe.
 b - the +7 fustibalus "Tormentor" {venom, rPois Will+ Dex+4}
   (You found it on level 5 of the Dungeon)

   Any ammunition fired from it poisons the flesh of those it strikes.
   Dex:       It affects your dexterity (+4).
   rPois:     It protects you from poison.
   Will:      It increases your willpower.
 j - a +0 war axe
 k - a +4 hand axe of freezing
Missiles
 l - 105 stones (quivered)
 w - 2 throwing nets
 C - 9 poisoned darts
 E - 4 curare-tipped darts
Armour
 n - a +0 scale mail
 x - a scarf of invisibility (worn)
 y - a +1 plate armour (worn)
Jewellery
 g - an amulet of the acrobat (around neck)
 s - a ring of magical power
Wands
 p - a wand of polymorph (11)
 B - a wand of acid (5)
Scrolls
 f - 2 scrolls of poison
 i - 3 scrolls of identify
 r - 4 scrolls of teleportation
 v - a scroll of noise
Potions
 c - 2 potions of haste {unknown}
 d - 2 potions of invisibility
 e - 2 potions of mutation
 h - 3 potions of heal wounds
 o - 2 potions of berserk rage
 q - 4 potions of brilliance
 u - 4 potions of lignification
 z - 5 potions of flight
 A - 2 potions of curing
 D - 2 potions of might {unknown}


   Skills:
 + Level 7.5 Fighting
 - Level 6.0(7.0) Axes
 + Level 5.4(6.7) Maces & Flails
 + Level 4.1(4.9) Slings
 - Level 3.5(4.3) Throwing
 + Level 6.9 Armour
 + Level 6.3 Dodging
 - Level 2.0 Evocations


You had 8 spell levels left.
You didn't know any spells.
Your spell library was empty.

Dungeon Overview and Level Annotations

Branches:
Dungeon (7/15)             Temple (1/1) D:4           Sewer (visited)

Altars:
Ashenzari
Cheibriados
Dithmenos
Elyvilon
Fedhas
Gozag
Hepliaklqana
Kikubaaqudgha
Makhleb
Nemelex Xobeh
Okawaru
Qazlal
Ru
Sif Muna
Trog
Uskayaw
Vehumet
Wu Jian
Yredelemnul
Zin
The Shining One

Annotations:
D:4 1 transporter, grumblor's ghost, amateur SpGl


Innate Abilities, Weirdness & Mutations

You have a pair of horns on your head.
You reflexively headbutt those who attack you in melee.


Message History

The killer bee is almost dead.
You feel very sick.
The killer bee stings you but does no damage.
The killer bee stings you.
* * * LOW HITPOINT WARNING * * *
You are more poisoned.
The killer bee poisons you! The killer bee stings you.
* * * LOW HITPOINT WARNING * * *
The killer bee stings you.
* * * LOW HITPOINT WARNING * * *
You miss the killer bee.
The killer bee is almost dead.
You feel very sick. The killer bee stings you.
* * * LOW HITPOINT WARNING * * *
The killer bee stings you.
* * * LOW HITPOINT WARNING * * *
The killer bee misses you. You furiously retaliate!
You headbutt the killer bee!
You kill the killer bee!
Trog accepts your kill. The killer bee stings you.
* * * LOW HITPOINT WARNING * * *
You are lethally poisoned!
The killer bee poisons you!
You closely miss the killer bee. Your headbutt misses the killer bee.
The killer bee is almost dead.
* * * LOW HITPOINT WARNING * * *
You feel very sick. The killer bee barely misses you.
The killer bee stings you.
* * * LOW HITPOINT WARNING * * *
You are too berserk!
You sock the jelly!
Your hands burn!
* * * LOW HITPOINT WARNING * * *
You headbutt the jelly.
The jelly is severely wounded.
You are no longer berserk.
You are exhausted.
You feel yourself slow down.
You die...

......... ........#
........# #
....(...######## .#
........#......# ...
........#......### ...#
..#.....#........# ....#
.................#.....#
.##.............@y....#
.##.........#####J....#
.##.........# .....#
.##...$....... .......
..#########.... .......
..# #..... ....... ....
....## .....## ....#
...### #...#


You could see a jelly and a killer bee.

Vanquished Creatures
  Sigmund (D:3)
  Menkaure (D:4)
  A steam dragon (D:7)
  2 water moccasins
  An orc warrior (D:6)
  A black bear (D:4)
  2 sky beasts
  An ogre (D:6)
  A necrophage (D:6)
  4 wights (D:6)
  5 killer bees (D:7)
  A howler monkey (D:6)
  5 hounds
  A jelly (D:6)
  An orc priest (D:7)
  Jessica (D:3)
  A gnoll shaman (D:5)
  3 iguanas
  A merfolk siren (Sewer)
  9 orc wizards
  A merfolk avatar (Sewer)
  9 gnolls
  5 river rats
  8 adders
  2 white imps (D:7)
  An ufetubus (D:5)
  2 worms
  4 dart slugs
  8 orcs
  7 endoplasms
  10 giant cockroaches
  6 goblins
  10 hobgoblins
  2 jackals (D:1)
  3 kobolds (D:1)
  12 quokkas
  4 ball pythons
  3 bats
  3 frilled lizards
  27 rats
170 creatures vanquished.

Vanquished Creatures (collateral kills)
  A frilled lizard (Sewer)
1 creature vanquished.

Grand Total: 171 creatures vanquished

Notes
Turn   | Place    | Note
-------+----------+-------------------------------------------
     0 | D:1      | jifgo the Minotaur Berserker began the quest for the Orb.
     0 | D:1      | Reached XP level 1. HP: 19/19 MP: 0/0
    66 | D:1      | Reached XP level 2. HP: 9/27 MP: 1/1
   491 | D:1      | Found a faded altar of an unknown god.
   791 | D:2      | Reached skill level 1 in Throwing
   798 | D:2      | Reached XP level 3. HP: 27/33 MP: 2/2
   804 | D:2      | Reached skill level 4 in Fighting
  1367 | D:2      | Reached ** piety under Trog
  1405 | D:2      | Reached XP level 4. HP: 40/40 MP: 3/3
  1795 | D:2      | You fall into a shaft and drop 1 floor!
  2020 | D:3      | Noticed Sigmund
  2047 | D:3      | Killed Sigmund
  2048 | D:3      | Reached XP level 5. HP: 21/47 MP: 4/4
  2048 | D:3      | Reached XP level 6. HP: 25/55 MP: 5/5
  2434 | D:3      | Noticed Jessica
  2442 | D:3      | Killed Jessica
  2727 | D:3      | Reached skill level 5 in Fighting
  2727 | D:3      | Reached skill level 5 in Axes
  2910 | D:4      | Found the +7 mace of Variability {chain chaos}
  2910 | D:4      | Found a transporter.
  2917 | D:4      | Noticed grumblor's ghost (amateur SpGl)
  3028 | D:4      | Noticed Menkaure
  3035 | D:4      | Reached skill level 1 in Maces & Flails
  3035 | D:4      | Killed Menkaure
  3036 | D:4      | Reached skill level 1 in Evocations
  3036 | D:4      | Reached XP level 7. HP: 61/61 MP: 6/6
  3278 | D:4      | Found a staircase to the Ecumenical Temple.
  3284 | Temple   | Entered the Ecumenical Temple
  3919 | D:5      | Entered Level 5 of the Dungeon
  4165 | D:5      | Found a glowing drain.
  4193 | Sewer    | Entered a sewer
  4300 | Sewer    | Reached *** piety under Trog
  4315 | Sewer    | Reached skill level 5 in Armour
  5089 | D:5      | Identified the +7 fustibalus "Tormentor" {venom, rPois
                  | Will+ Dex+4}
  5093 | D:5      | Reached XP level 8. HP: 70/70 MP: 7/7
  5235 | D:6      | Reached skill level 6 in Fighting
  5235 | D:6      | Reached skill level 1 in Slings
  5310 | D:6      | Reached skill level 5 in Dodging
  5312 | D:6      | Reached **** piety under Trog
  5941 | D:6      | Reached XP level 9. HP: 69/78 MP: 8/8
  5945 | D:6      | Reached skill level 7 in Fighting
  6277 | D:7      | Reached skill level 5 in Maces & Flails
  6611 | D:7      | HP: 5/118 [acid (5)]
  6611 | D:7      | Succumbed to a killer bee's poison

Illustrated notes

Levels and vault maps discovered:
D:1:      dpeg_arrival_rooms_with_view, layout_rooms,
          shapermc_ecumenical_altar_starsandcircs
D:2:      layout_loops_ring, minmay_3d_cube
D:3:      layout_loops_ring, minmay_crystal_room, uniq_jessica, uniq_sigmund
D:4:      layout_basic, minmay_temple_entry_fiery, gammafunk_ghost_smash,
          uniq_menkaure
D:5:      layout_basic, portal_sewer_entry_e
D:6:      minmay_flawed_box, layout_loops_ring, dk_rats_in_the_wall
D:7:      layout_basic, enter_ossuary_3, enter_bailey_3
Temple:   mainiacjoe_temple_circle_huts

Skill      XL: |  1  2  3  4  5  6  7  8  9 |
---------------+----------------------------+-----
Throwing       | 1 2 3 |  3.5
Axes           | 4 5 6 |  6.0
Fighting       | 4 5 6 7 |  7.5
Armour         | 3 4 5 6 |  6.9
Dodging        | 3 4 5 6 |  6.3
Maces & Flails | 1 2 4 5 |  5.4
Evocations     | 1 2 |  2.0
Slings         | 3 4 |  4.1

Action                   |  1- 3 |  4- 6 |  7- 9 || total
-------------------------+-------+-------+-------++-------
Melee: Hand axe          |    80 |    22 |       ||   102
       Headbutt          |    12 |     8 |    19 ||    39
       Punch             |     1 |       |       ||     1
       War axe           |       |    37 |    21 ||    58
       Great mace        |       |     8 |   157 ||   165
 Fire: Fustibalus        |       |       |    35 ||    35
Throw: Stone             |       |     7 |       ||     7
Invok: Berserk           |     1 |     3 |     3 ||     7
  Use: Scroll            |       |       |    12 ||    12
 Stab: Petrified         |       |       |     2 ||     2
Armor: Animal skin       |     9 |       |       ||     9
       Leather armour    |     5 |       |       ||     5
       Scale mail        |       |    22 |    22 ||    44
       Plate armour      |       |       |    70 ||    70
Dodge: Dodged            |    53 |    48 |   131 ||   232

Table legend: (Time is in decaauts)
 A = Elapsed time spent in this place.
 B = Non-inter-level travel time spent in this place.
 C = Inter-level travel time spent in this place.
 D = Time resting spent in this place.
 E = Time spent auto-exploring this place.
 F = Levels seen in this place.
 G = Mean time per level.
                   A        B        C        D        E       F      G
               +--------+--------+--------+--------+--------+-----+--------+
         Total |   6843 |   6585 |    258 |   1047 |   3936 |   9 |  760.3 |
       Dungeon |   5931 |   5698 |    233 |    972 |   3447 |   7 |  847.3 |
        Temple |    340 |    315 |     25 |      0 |    293 |   1 |  340.0 |
         Sewer |    571 |    571 |      0 |     75 |    196 |   1 |  571.0 |
               +--------+--------+--------+--------+--------+-----+--------+

Top non-repeatable levels by time:
     D:2: 1387 daAuts
     D:6: 1182 daAuts
     D:3: 789 daAuts
     D:1: 786 daAuts
     D:5: 736 daAuts
     D:4: 687 daAuts
   Sewer: 571 daAuts
     D:7: 361 daAuts
  Temple: 340 daAuts
